 Dungeon Crawl Stone Soup version 0.20.1-1-g8b1a95d (webtiles) character file.

104 Jazqa the Skirmisher (level 4, -1/42 HPs)
             Began as a Minotaur Fighter on Oct 27, 2017.
             Slain by an orc warrior
             ... wielding a +0 mace
              (12 damage)
             ... on level 3 of the Dungeon.
             The game lasted 00:02:13 (2009 turns).

Jazqa the Skirmisher (Minotaur Fighter)             Turns: 2009, Time: 00:02:14

Health: -1/42      AC:  6    Str: 23    XL:     4   Next: 52%
Magic:  3/3        EV:  7    Int:  5    God:
Gold:   116        SH:  9    Dex: 11    Spells: 3/3 levels left

rFire    . . .     SeeInvis .   a - +1 flail
rCold    . . .     Gourm    .   c - +0 shield
rNeg     . . .     Faith    .   b - +0 scale mail
rPois    .         Spirit   .   (helmet restricted)
rElec    .         Reflect  .   (no cloak)
rCorr    .         Harm     .   (no gloves)
MR       .....                  (no boots)
Stlth    ..........             (no amulet)
Regen    0.2/turn               i - -2 ring of strength (curse)
MPRegen  0.1/turn               (no ring)

@: mighty
A: retaliatory headbutt, horns 2
a: no special abilities


You were on level 3 of the Dungeon.
You were hungry.

You visited 1 branch of the dungeon, and saw 3 of its levels.

You collected 116 gold pieces.


Innate Abilities, Weirdness & Mutations

You reflexively headbutt those who attack you in melee.
You have a pair of horns on your head.


   Skills:
 + Level 5.1 Fighting
 + Level 4.4 Maces & Flails
 - Level 3.6 Armour
 - Level 3.6 Shields


You had 3 spell levels left.
You didn't know any spells.

Inventory:

Hand Weapons
 a - a +1 flail (weapon)
Armour
 b - a +0 scale mail (worn)
 c - a +0 shield (worn)
 j - a +0 large shield
Jewellery
 i - a cursed -2 ring of strength (left hand)
Wands
 g - a wand of flame (8/48)
Potions
 e - 2 potions of agility {unknown}
 h - 3 potions of cancellation
 p - a potion of brilliance {unknown}
Comestibles
 f - 4 bread rations {@e1}
 k - 2 chunks of flesh
 o - a meat ration {@e1}

Dungeon Overview and Level Annotations

Branches:
Dungeon (3/15)

Altars:
Fedhas
Xom

# #.# ..
#.######
#oo@...#
#.oog.....#
#.#.#.#####
#.#.#.# .
... # ..
#.# .# #.#
.. #.# #..#


You could see an orc warrior, an orc wizard, 2 orcs and a hobgoblin.


Message History

You kill the orc!
The orc warrior hits you with a mace. You block the orc wizard's attack.
The orc hits you but does no damage.
You sock the orc warrior!
The orc warrior is heavily wounded.
You block the orc warrior's attack. The orc wizard hits you with a dagger.
You block the orc's attack.
You hit the orc warrior but do no damage.
The orc warrior is heavily wounded.
You block the orc warrior's attack. The orc wizard barely misses you.
The hobgoblin barely misses you. You block the orc's attack.
The orc wizard hits you but does no damage.
You block the orc's attack.
Unknown command.
You feel very mighty all of a sudden.
The hobgoblin hits you but does no damage.
The orc warrior hits you with a mace!
* * * LOW HITPOINT WARNING * * *
You block the orc's attack. The orc wizard barely misses you.
Unknown command.
You are too injured to fight recklessly!
You are too injured to fight recklessly!
Unknown command.
You are too injured to fight recklessly!
You are too injured to fight recklessly!
Unknown command.
You hit the orc warrior but do no damage.
The orc warrior is heavily wounded.
You block the hobgoblin's attack. The orc warrior hits you with a mace!
You die...

Skill      XL: |  1  2  3  4 |
---------------+-------------+-----
Fighting       | 4 5 |  5.1
Maces & Flails | 3 4 |  4.4
Armour         | |  3.6
Shields        | |  3.6

Action                   |  1- 3 |  4- 6 || total
-------------------------+-------+-------++-------
Melee: Flail             |    68 |    50 ||   118
       Headbutt          |    10 |     6 ||    16
  Use: Scroll            |     1 |     5 ||     6
       Potion            |       |     1 ||     1
  Eat: Chunk             |     1 |     2 ||     3
Armor: Scale mail        |    34 |    15 ||    49
Dodge: Dodged            |    27 |    15 ||    42
Block: Shield            |    35 |    38 ||    73

Vault maps used:
D:1:      onia_arrival_pentagram
D:2:      xom_teletrap_fun, fedhas_altar_3
D:3:      nemelex_lonely_heart_becter

Notes
Turn   | Place    | Note
-------+----------+-------------------------------------------
     0 | D:1      | Jazqa the Minotaur Fighter began the quest for the Orb.
     0 | D:1      | Reached XP level 1. HP: 19/19 MP: 0/0
    87 | D:1      | Reached skill level 4 in Fighting
    87 | D:1      | Reached XP level 2. HP: 27/27 MP: 1/1
   248 | D:1      | Reached skill level 3 in Maces & Flails
   779 | D:1      | Reached XP level 3. HP: 34/34 MP: 2/2
  1091 | D:2      | Reached skill level 4 in Maces & Flails
  1193 | D:2      | Reached XP level 4. HP: 38/41 MP: 3/3
  1211 | D:2      | Reached skill level 5 in Fighting
  1212 | D:2      | Found a blossoming altar of Fedhas.
  1329 | D:2      | Found a shimmering altar of Xom.
  1999 | D:3      | Noticed an orc warrior
  2009 | D:3      | Slain by an orc warrior

Vanquished Creatures
  A gnoll (D:1)
  3 adders (D:2)
  An ooze (D:2)
  3 worms
  A dart slug (D:1)
  3 orcs (D:3)
  4 bats
  4 goblins
  7 hobgoblins
  7 jackals (D:1)
  A quokka (D:2)
  A ball python (D:2)
  3 frilled lizards
  3 kobolds
  8 rats
50 creatures vanquished.
